 Dungeon Crawl Stone Soup version 0.30-a0-364-gf6b3ef1049 (webtiles) character file.

Game seed: 1757327599549258367

56 mopl the Magician (level 3, 0/21 HPs)
             Began as an Octopode Hedge Wizard on Nov 14, 2022.
             Slain by an adder (2 damage)
             ... on level 2 of the Dungeon.
             The game lasted 00:02:21 (1151 turns).

mopl the Magician (Octopode Hedge Wizard)           Turns: 1151, Time: 00:02:21

Health: 0/21       AC:  1    Str:  9    XL:     3   Next: 95%
Magic:  8/8        EV: 13    Int: 18    God:
Gold:   23         SH:  0    Dex: 11    Spells: 3/9 levels left

rFire   + . .      SeeInvis .    a - staff of conjuration
rCold   + . .      Faith    .    (no shield)
rNeg    . . .      Spirit   .    b - +0 hat
rPois   +          Reflect  .    (no amulet)
rElec   +          Harm     .    (no ring)
rCorr   +          Rampage  .    (no ring)
Will    .....                    (no ring)
Stlth   +++.......               (no ring)
HPRegen 0.23/turn                (no ring)
MPRegen 0.11/turn                (no ring)
                                 (no ring)
                                 (no ring)

@: resistant
A: almost no armour, amphibious, 8 rings, camouflage 1, gelatinous body 1,
(nimble swimmer 1), tentacles
a: no special abilities


You were on level 2 of the Dungeon.
You visited 1 branch of the dungeon, and saw 2 of its levels.

You collected 23 gold pieces.

Inventory:

Hand Weapons
 f - a +0 dagger
Armour
 b - a +0 hat (worn)
Magical Staves
 a - a staff of conjuration (weapon)
Scrolls
 d - a scroll of noise {unknown}
 h - a scroll of identify {unknown}
 i - a scroll of enchant weapon {unknown}
 l - 2 scrolls of fear {unknown}
 m - a scroll of amnesia {unknown}
Potions
 c - 2 potions of magic
 e - a potion of resistance
 g - a potion of ambrosia
 j - 2 potions of haste {unknown}
 k - a potion of flight {unknown}
 n - a potion of curing {unknown}
 o - a potion of mutation {unknown}


   Skills:
 + Level 0.6 Staves
 - Level 2.0 Dodging
 - Level 2.6 Stealth
 * Level 3.5 Spellcasting
 * Level 2.1 Conjurations
 - Level 1.0 Summonings
 + Level 1.3 Translocations
 + Level 0.2 Air Magic
 + Level 0.7 Poison Magic
 + Level 0.9 Evocations


You had 3 spell levels left.
You knew the following spells:

 Your Spells              Type           Power      Damage    Failure   Level
a - Magic Dart            Conj           64%        1d6       6%          1
c - Mephitic Cloud        Conj/Pois/Air  10%        N/A       30%         3
e - Blink                 Tloc           16%        N/A       13%         2

Your spell library contained the following spells:

 Spells                   Type           Power      Damage    Failure   Level
 Slow                     Hex            12%        N/A       16%         1
 Call Imp                 Summ           6%         N/A       16%         2
 Cigotuvi's Dreadful Rot  Necr/Pois/Air  8%         N/A       21%         2


Dungeon Overview and Level Annotations

Branches:
Dungeon (2/15)

Altars:

Annotations:
D:2 Jessica


Innate Abilities, Weirdness & Mutations

You cannot wear most types of armour.
You are amphibious.
You can wear up to eight rings at the same time.
Your skin changes colour to match your surroundings (Stealth+).
Your rubbery body absorbs attacks. (AC +1, EV +1)
((You are camouflaged when in or above water. (Stealth+)))
You have tentacles for arms and can constrict up to eight enemies at once.


Message History

The adder is heavily wounded.
The adder bites you.
* * * LOW HITPOINT WARNING * * *
Jessica casts a spell.
Jessica blinks!
It was a potion of ambrosia.
You are confused.
You feel invigorated. The adder misses you.
You bump into the rock wall.
The adder bites you. The adder barely misses you. Jessica casts a spell at you.
Pain shoots through your body! The adder bites you.
You are poisoned.
The adder poisons you!
You feel sick. The adder bites you. The endoplasm freezes you.
You are frozen.
You completely miss the adder. Your squeeze misses the adder.
The adder is moderately wounded.
You feel sick. The adder barely misses you. The endoplasm closely misses you.
Jessica gestures wildly while chanting.
Jessica seems to speed up.
The endoplasm attacks as you move away! The endoplasm misses you.
You feel less invigorated.
You feel less confused.
You feel sick. The adder closely misses you.
Jessica points at you and mumbles some strange words.
Pain shoots through your body! The adder bites you.
The endoplasm attacks as you move away! The endoplasm barely misses you.
You feel sick. Jessica attacks as you move away!
Jessica hits you with a +0 club.
* * * LOW HITPOINT WARNING * * *
The adder attacks as you move away! The adder closely misses you.
You feel sick.
You are no longer poisoned.
It was a potion of resistance.
You feel protected. The adder bites you.
You die...

#....##.# #.#####.#
#.#####.# #.....#.#
##....#.## #....#..#
...### #†...##.#
......
#....##.############
......
#....##.....@S@....#
..$./.
#....#########J....#
...... #....#
#.....####......
#....#
#.....†.........
#....#
##....###.....(.
#....# #.......#
#....### ######
#..........@.$...#
#..............#.#
#$.)...........# .


You could see an adder, Jessica (fast) and an endoplasm.

Vanquished Creatures
  An adder (D:2)
  A dart slug (D:1)
  4 bats
  5 endoplasms
  2 giant cockroaches (D:1)
  6 goblins
  2 hobgoblins
  5 jackals (D:1)
  2 quokkas (D:1)
  3 ball pythons
  3 frilled lizards (D:2)
  3 kobolds (D:1)
  3 rats (D:1)
40 creatures vanquished.

Notes
Turn   | Place    | Note
-------+----------+-------------------------------------------
     0 | D:1      | mopl the Octopode Hedge Wizard began the quest for the Orb.
     0 | D:1      | Reached XP level 1. HP: 11/11 MP: 4/4
   148 | D:1      | Reached XP level 2. HP: 16/17 MP: 0/6
   159 | D:1      | Learned a level 2 spell: Blink
   159 | D:1      | Found a faded altar of an unknown god.
   402 | D:1      | Reached XP level 3. HP: 3/21 MP: 1/7
   465 | D:1      | Learned a level 3 spell: Mephitic Cloud
   914 | D:1      | Reached skill level 2 in Conjurations
  1127 | D:2      | Noticed Jessica
  1139 | D:2      | HP: 1/21 [adder (2)]
  1151 | D:2      | Slain by an adder

Illustrated notes

Levels and vault maps discovered:
D:1:      dpeg_arrival_chambers_temple_mockup, layout_rooms,
          hellmonk_ecumenical_altar_blasted
D:2:      layout_basic, minmay_misc_feat_rugged, minmay_pentomino_o2,
          uniq_jessica

Skill      XL: |  1  2  3 |
---------------+----------+-----
Conjurations   | 2 |  2.1
Staves         | |  0.6
Dodging        | |  2.0
Stealth        | |  2.6
Spellcasting   | |  3.5
Summonings     | |  1.0
Translocations | |  1.3
Air Magic      | |  0.2
Poison Magic   | |  0.7
Evocations     | |  0.9

Action                   || total
-------------------------++-------
Melee: Dagger            ||    10
       Staff             ||    49
       Constrict         ||    13
       Tentacles         ||    11
 Cast: Magic Dart        ||    49
  Use: Potion            ||     2
 Stab: Sleeping          ||     3
Armor: Skin              ||     9
Dodge: Dodged            ||    56

Table legend: (Time is in decaauts)
 A = Elapsed time spent in this place.
 B = Non-inter-level travel time spent in this place.
 C = Inter-level travel time spent in this place.
 D = Time resting spent in this place.
 E = Time spent auto-exploring this place.
 F = Levels seen in this place.
 G = Mean time per level.
                   A        B        C        D        E       F      G
               +--------+--------+--------+--------+--------+-----+--------+
         Total |   1158 |   1094 |     64 |    226 |    616 |   2 |  579.0 |
       Dungeon |   1158 |   1094 |     64 |    226 |    616 |   2 |  579.0 |
               +--------+--------+--------+--------+--------+-----+--------+

Top non-repeatable levels by time:
     D:1: 983 daAuts
     D:2: 174 daAuts
